 Dungeon Crawl Stone Soup version 0.31-a0-236-g9a0961fb85 (webtiles) character file.

Game seed: 444777208959339084

55 protoss039 the Digger (level 3, -2/27 HPs)
             Began as a Demonspawn Earth Elementalist on July 10, 2023.
             Slain by Natasha (9 damage)
             ... on level 2 of the Dungeon.
             The game lasted 00:01:16 (1295 turns).

protoss039 the Digger (DsEE)                        Turns: 1295, Time: 00:01:17

Health: -2/27      AC:  2    Str:  8    XL:     3   Next: 67%
Magic:  3/7        EV: 12    Int: 18    God:
Gold:   50         SH:  0    Dex: 13    Spells: 4/7 levels left

rFire   . . .        b - +0 short sword
rCold   . . .        (no shield)
rNeg    . . .        a - +0 robe
rPois   .            (no helmet)
rElec   .            (no cloak)
rCorr   .            (no gloves)
SInv    .            (no boots)
Will    .....        (no amulet)
Stlth   ++           (no ring)
HPRegen 0.24/turn    (no ring)
MPRegen 0.10/turn

%: no passive effects
@: very slightly contaminated
A: claws 1, powered by death 1
a: no special abilities


You were on level 2 of the Dungeon.
You visited 1 branch of the dungeon, and saw 2 of its levels.

You collected 50 gold pieces.

Inventory:

Hand Weapons
 b - a +0 short sword (weapon)
Armour
 a - a +0 robe (worn)
Wands
 l - a wand of flame (22)
Scrolls
 c - a scroll of amnesia {unknown}
 d - a scroll of poison {unknown}
 h - a scroll of fear {unknown}
 j - a scroll of teleportation {unknown}
 k - a scroll of identify {unknown}
Potions
 e - a potion of invisibility {unknown}
 f - a potion of brilliance {unknown}
 g - 2 potions of might {unknown}
 i - a potion of lignification {unknown}


   Skills:
 + Level 1.8 Fighting
 - Level 1.7 Dodging
 - Level 1.7 Stealth
 + Level 2.7 Spellcasting
 - Level 0.8 Transmutations
 + Level 3.3 Earth Magic


You had 4 spell levels left.
You knew the following spells:

 Your Spells              Type           Power      Damage    Failure   Level
a - Sandblast             Erth           28%        2d8       4%          1
b - Passwall              Tmut/Erth      7%         N/A       11%         2

Your spell library contained the following spells:

 Spells                   Type           Power      Damage    Failure   Level
 Stone Arrow              Conj/Erth      16%        3d8       26%         3
 Petrify                  Tmut/Erth      9%         N/A       56%         4


Dungeon Overview and Level Annotations

Branches:
Dungeon (2/15) Zot: 10685

Altars:

Annotations:
D:2 Natasha


Innate Abilities, Weirdness & Mutations

You have sharp fingernails.
You regenerate a little health from kills.


Message History

Casting: Sandblast (safe; 4% risk of failure)
Confirm with . or Enter, or press ? or * to list all spells.
Aiming: Sandblast (safe; 4% risk of failure)
Press: ? - help, Shift-Dir - straight line, f - Natasha
Aim: Natasha (wandering, hasn't noticed you, 77% to hit)
The blast of sand hits Natasha.
Natasha is lightly wounded.
Natasha hisses angrily.
Natasha casts a spell.
Casting: Sandblast (safe; 4% risk of failure)
Confirm with . or Enter, or press ? or * to list all spells.
Aiming: Sandblast (safe; 4% risk of failure)
Press: ? - help, Shift-Dir - straight line, f/p - Natasha
Aim: Natasha (lightly wounded, 77% to hit)
You miscast Sandblast.
You are very lightly contaminated with residual magic.
Nothing appears to happen.
Unknown command.
Casting: Sandblast (safe; 4% risk of failure)
Confirm with . or Enter, or press ? or * to list all spells.
Aiming: Sandblast (safe; 4% risk of failure)
Press: ? - help, Shift-Dir - straight line, f/p - Natasha
Aim: Natasha (lightly wounded, 77% to hit)
The blast of sand hits Natasha.
Natasha is moderately wounded.
Natasha mumbles some strange words.
Natasha shimmers violently.
Natasha casts a spell at you. The magic dart hits you! Natasha claws you.
The cerulean imp hits you from afar with a +2 spear.
* * * LOW HITPOINT WARNING * * *
Casting: Sandblast (safe; 4% risk of failure)
Confirm with . or Enter, or press ? or * to list all spells.
Aiming: Sandblast (safe; 4% risk of failure)
Press: ? - help, Shift-Dir - straight line, f/p - Natasha
Aim: Natasha (moderately wounded, 77% to hit)
The blast of sand hits Natasha!
Natasha is almost dead.
Natasha claws you!
You die...

........ #)#
.####### #.# ## #.#
# #########.#.#
#.......#.#.#
#.#####.#)#.####. #
#.# #.......... #
#.# ###...#### #
#.# #@.## # #.#
#h.#
########.#######5.#
..................#
.........########.#
#####.#### .#
#........ "#
######### ##


You could see Natasha and a cerulean imp (summoned).

Vanquished Creatures
  Natasha (D:2)
  3 bats
  2 endoplasms
  A goblin (D:1)
  3 hobgoblins
  3 jackals (D:1)
  A quokka (D:2)
  3 ball pythons
  2 frilled lizards (D:1)
  5 kobolds
  6 rats
30 creatures vanquished.

Notes
Turn   | Place    | Note
-------+----------+-------------------------------------------
     0 | D:1      | protoss039 the Demonspawn Earth Elementalist began the
                  | quest for the Orb.
     0 | D:1      | Reached XP level 1. HP: 13/13 MP: 3/3
   120 | D:1      | Gained mutation: You have sharp fingernails. [demonic
                  | ancestry]
   120 | D:1      | Reached XP level 2. HP: 20/20 MP: 3/5
   316 | D:1      | Reached skill level 1 in Fighting
   323 | D:1      | Reached skill level 3 in Earth Magic
   894 | D:1      | Learned a level 2 spell: Passwall
  1095 | D:2      | Noticed Natasha
  1102 | D:2      | Killed Natasha
  1103 | D:2      | Gained mutation: You regenerate a little health from kills.
                  | [demonic ancestry]
  1103 | D:2      | Reached XP level 3. HP: 21/27 MP: 2/6
  1288 | D:2      | Noticed Natasha
  1295 | D:2      | Slain by Natasha

Illustrated notes

Levels and vault maps discovered:
D:1:      minmay_arrival_up_and_down, layout_loops_ring, minmay_tetromino_l2
D:2:      layout_loops_ring, columned_hall_lemuel, minmay_misc_feat_iff,
          uniq_natasha

Skill      XL: |  1  2 |
---------------+-------+-----
Fighting       | 1 |  1.8
Earth Magic    | 3 |  3.3
Dodging        | |  1.7
Stealth        | |  1.7
Spellcasting   | |  2.7
Transmutations | |  0.8

Action                     || total
---------------------------++-------
  Melee: Unarmed           ||    12
         Short sword       ||    20
   Cast: Sandblast         ||    39
    Use: Potion            ||     1
   Stab: Sleeping          ||     5
 Armour: Robe              ||    13
  Dodge: Dodged            ||    51

Table legend: (Time is in decaauts)
 A = Elapsed time spent in this place.
 B = Non-inter-level travel time spent in this place.
 C = Inter-level travel time spent in this place.
 D = Time resting spent in this place.
 E = Time spent auto-exploring this place.
 F = Levels seen in this place.
 G = Mean time per level.
                   A        B        C        D        E       F      G
               +--------+--------+--------+--------+--------+-----+--------+
         Total |   1313 |   1283 |     30 |     56 |   1010 |   2 |  656.5 |
       Dungeon |   1313 |   1283 |     30 |     56 |   1010 |   2 |  656.5 |
               +--------+--------+--------+--------+--------+-----+--------+

Top non-repeatable levels by time:
     D:1: 905 daAuts
     D:2: 408 daAuts
